 Dungeon Crawl Stone Soup version 0.29-a0-838-g385bb11a5b (webtiles) character file.

Game seed: 8108328415972352460

410 gruber the Destroyer (level 6, -4/32 HPs)
             Began as a Tengu Conjurer on July 13, 2022.
             Slain by a black bear (6 damage)
             ... on level 4 of the Dungeon.
             The game lasted 00:02:01 (3611 turns).

gruber the Destroyer (Tengu Conjurer)               Turns: 3611, Time: 00:02:02

Health: -4/32      AC:  2    Str:  8    XL:     6   Next: 89%
Magic:  0/13       EV: 14    Int: 20    God:
Gold:   196        SH:  0    Dex: 12    Spells: 6/13 levels left

rFire   . . .      SeeInvis .   h - +1 short sword (venom)
rCold   . . .      Faith    .   (no shield)
rNeg    . . .      Spirit   .   a - +0 robe
rPois   .          Reflect  .   (helmet restricted)
rElec   .          Harm     .   (no cloak)
rCorr   .          Rampage  .   (no gloves)
Will    .....                   (boots unavailable)
Stlth   ++........              (no amulet)
HPRegen 0.10/turn               (no ring)
MPRegen 0.13/turn               (no ring)

@: lethally poisoned (-4 -> -10), flying quickly and evasively, quick
A: beak, talons 3, nimble flight
a: no special abilities


You were on level 4 of the Dungeon.
You visited 1 branch of the dungeon, and saw 4 of its levels.

You collected 196 gold pieces.

Inventory:

Hand Weapons
 h - a +1 short sword of venom (weapon)
Armour
 a - a +0 robe (worn)
Magical Staves
 o - a staff of air
Jewellery
 f - a ring of poison resistance
Scrolls
 c - a scroll of teleportation {unknown}
 e - a scroll of magic mapping {unknown}
 g - a scroll of identify {unknown}
 i - a scroll of brand weapon {unknown}
 j - a scroll of noise {unknown}
 k - a scroll of torment {unknown}
 l - a scroll of amnesia {unknown}
 m - a scroll of enchant armour {unknown}
Potions
 b - a potion of magic
 d - 2 potions of mutation {unknown}
 n - a potion of brilliance {unknown}


   Skills:
 - Level 2.1 Dodging
 - Level 2.0 Stealth
 + Level 4.4 Spellcasting
 + Level 8.7 Conjurations


You had 6 spell levels left.
You knew the following spells:

 Your Spells              Type           Power      Damage    Failure   Level
a - Magic Dart            Conj           100%       1d8       1%          1
b - Searing Ray           Conj           78%        2d7       1%          2
c - Fulminant Prism       Conj/Hex       10%        3d9       21%         4

Your spell library contained the following spells:

 Spells                   Type           Power      Damage    Failure   Level
 Dazzling Flash           Conj/Hex       42%        N/A       6%          3
 Iskenderun's Mystic Bla  Conj/Tloc      21%        2d6       21%         4


Dungeon Overview and Level Annotations

Branches:
Dungeon (4/15)
 Temple: D:4-7

Altars:
Gozag

Annotations:
D:3 DolGuldur's ghost, amateur DECj
D:4 Menkaure


Innate Abilities, Weirdness & Mutations

You have a beak for a mouth.
You have claws for feet.
Your magical nature lets you fly swiftly and evasively.


Message History

The searing ray hits the endoplasm!
You kill the endoplasm! (Press . to maintain the ray.)
The scorpion barely misses you.
Unknown command.
The searing ray hits the scorpion.
The scorpion is heavily wounded.
The searing ray hits the black bear.
The black bear is heavily wounded.
The scorpion stings you but does no damage.
The scorpion barely misses you.
The searing ray hits the scorpion!
The scorpion is almost dead.
The searing ray hits the black bear!
The black bear is severely wounded.
The black bear goes berserk!
The scorpion stings you!
You are poisoned.
The scorpion poisons you!
Unknown command.
You hit the scorpion.
You kill the scorpion!
You feel very sick.
The black bear misses you. x2; The black bear closely misses you.
Casting: Searing Ray (safe; 1% risk of failure)
Confirm with . or Enter, or press ? or * to list all spells.
Aiming: Searing Ray (safe; 1% risk of failure)
Press: ? - help, Shift-Dir - straight line, f - black bear
Aim: a black bear (severely wounded, berserk, 86% to hit)
The searing ray hits the black bear.
The black bear is severely wounded. (Press . to maintain the ray.)
You feel sick. The black bear closely misses you. The black bear misses you.
The black bear claws you but does no damage.
Unknown command.
You barely miss the black bear. You claw the black bear.
The black bear is almost dead.
You feel sick. The black bear bites you.
* * * LOW HITPOINT WARNING * * *
The black bear claws you.
You die...

### ..#
##.########.#######
.......@h.........#
##.##.#####.######
.. #.# ... ###.####
#.. #..sJ..# #.
#:.....# ..#.....#
#......# ..#.....#
#......#
........###......#
..#


You could see a black bear (berserk).

Vanquished Creatures
  A phantom (D:4)
  2 scorpions (D:4)
  A hound (D:4)
  Natasha (thrice) (D:2)
  5 adders
  2 worms
  3 dart slugs
  An orc (D:3)
  7 ball pythons
  5 bats
  2 endoplasms
  2 giant cockroaches (D:1)
  4 goblins
  5 hobgoblins
  4 jackals (D:2)
  A quokka (D:4)
  5 frilled lizards
  11 kobolds
  6 rats
70 creatures vanquished.

Notes
Turn   | Place    | Note
-------+----------+-------------------------------------------
     0 | D:1      | gruber the Tengu Conjurer began the quest for the Orb.
     0 | D:1      | Reached XP level 1. HP: 10/10 MP: 4/4
   144 | D:1      | Reached XP level 2. HP: 15/15 MP: 1/6
   195 | D:1      | Found a faded altar of an unknown god.
   244 | D:1      | Reached skill level 6 in Conjurations
   735 | D:1      | Reached XP level 3. HP: 19/19 MP: 2/7
  1441 | D:2      | Reached XP level 4. HP: 24/24 MP: 5/8
  1550 | D:2      | Reached skill level 7 in Conjurations
  1655 | D:2      | Noticed Natasha
  1659 | D:2      | Killed Natasha
  1729 | D:2      | Noticed Natasha
  1735 | D:2      | Killed Natasha
  1838 | D:2      | Gained mutation: Your magical nature lets you fly swiftly
                  | and evasively. [Tengu growth]
  1838 | D:2      | Reached XP level 5. HP: 28/28 MP: 7/10
  2036 | D:2      | Noticed Natasha
  2040 | D:2      | Killed Natasha
  2274 | D:3      | Found a runed translucent door.
  2279 | D:3      | Noticed DolGuldur's ghost (amateur DECj)
  2589 | D:3      | Found an opulent altar of Gozag.
  3533 | D:4      | Reached skill level 8 in Conjurations
  3533 | D:4      | Reached XP level 6. HP: 32/32 MP: 7/12
  3536 | D:4      | Learned a level 2 spell: Searing Ray
  3541 | D:4      | Learned a level 4 spell: Fulminant Prism
  3568 | D:4      | Noticed Menkaure
  3584 | D:4      | Noticed a black bear
  3611 | D:4      | Slain by a black bear

Illustrated notes

Levels and vault maps discovered:
D:1:      dpeg_arrival_another_circle, layout_basic,
          shapermc_ecumenical_altar_notcrosses
D:2:      layout_basic, uniq_natasha
D:3:      layout_loops_cross, nicolae_gozag_seed_capital,
          ebering_ghost_reflecting_pool
D:4:      minmay_clustersquares, layout_basic, doesnt_xom_only_xom,
          uniq_menkaure

Skill      XL: |  1  2  3  4  5  6 |
---------------+-------------------+-----
Conjurations   | 6 7 8 |  8.7
Spellcasting   | 3 4 |  4.4
Dodging        | |  2.1
Stealth        | |  2.0

Action                   |  1- 3 |  4- 6 || total
-------------------------+-------+-------++-------
Melee: Short sword       |       |     8 ||     8
       Kick              |       |     1 ||     1
       Peck              |       |     1 ||     1
 Cast: Magic Dart        |    60 |    75 ||   135
       Searing Ray       |       |     3 ||     3
Armor: Robe              |     1 |     2 ||     3
Dodge: Dodged            |       |    17 ||    17

Table legend: (Time is in decaauts)
 A = Elapsed time spent in this place.
 B = Non-inter-level travel time spent in this place.
 C = Inter-level travel time spent in this place.
 D = Time resting spent in this place.
 E = Time spent auto-exploring this place.
 F = Levels seen in this place.
 G = Mean time per level.
                   A        B        C        D        E       F      G
               +--------+--------+--------+--------+--------+-----+--------+
         Total |   3518 |   3436 |     82 |      0 |   3129 |   4 |  879.5 |
       Dungeon |   3518 |   3436 |     82 |      0 |   3129 |   4 |  879.5 |
               +--------+--------+--------+--------+--------+-----+--------+

Top non-repeatable levels by time:
     D:2: 1174 daAuts
     D:1: 1021 daAuts
     D:3: 884 daAuts
     D:4: 438 daAuts
